 Dungeon Crawl Stone Soup version 0.30-a0-347-gf58ed5266c (webtiles) character file.

Game seed: 12194992000798200290

8576 greenreed the Skirmisher (level 11, -2/89 HPs)
             Began as a Demonspawn Hunter on Nov 5, 2022.
             Was a Believer of Kikubaaqudgha.
             Succumbed to Sonja's poison
             ... on level 11 of the Dungeon.
             The game lasted 00:35:55 (12784 turns).

greenreed the Skirmisher (Demonspawn Hunter)       Turns: 12784, Time: 00:35:56

Health: -2/89      AC: 19    Str: 11    XL:     11   Next: 11%
Magic:  16/20      EV: 11    Int: 12    God:    Kikubaaqudgha [**....]
Gold:   363        SH:  0    Dex: 26    Spells: 14/22 levels left

rFire   . . .      SeeInvis .    O - +1 shortbow (elec)
rCold   + . .      Faith    .    (shield currently unavailable)
rNeg    . . .      Spirit   +    z - +7 Kryia's mail coat {PotionHeal*2 rC+}
rPois   .          Reflect  .    N - +1 helmet
rElec   .          Harm     .    (no cloak)
rCorr   .          Rampage  .    a - +0 pair of gloves
Will    +....                    H - +0 pair of boots
Stlth   +.........               (no amulet)
HPRegen 0.34/turn                M - ring of willpower
MPRegen 0.34/turn                w - +6 ring of dexterity

@: lethally poisoned (-2 -> -100), slowed, very slow
A: rugged brown scales 1, magic shield, magic regeneration, demonic magic 1
a: Renounce Religion, Unearth Wretches


You were on level 11 of the Dungeon.
You worshipped Kikubaaqudgha.
Kikubaaqudgha was pleased with you.
You visited 2 branches of the dungeon, and saw 12 of its levels.
You also visited: Sewer.

You collected 610 gold pieces.
You spent 247 gold pieces at shops.

Inventory:

Hand Weapons
 B - a +2 whip of pain
 O - a +1 shortbow of electrocution (weapon)
Missiles
 p - 44 poisoned darts
 K - a curare-tipped dart
 L - 5 atropa-tipped darts
Armour
 a - a +0 pair of gloves (worn)
 z - the +7 Kryia's mail coat (worn) {PotionHeal*2 rC+}
   (You found it on level 4 of the Dungeon)

   Potions are twice as effective at healing its wearer.
   rC:        It protects you from cold.
 H - a +0 pair of boots (worn)
 N - a +1 helmet (worn)
Jewellery
 k - a ring of resist corrosion
 w - a +6 ring of dexterity (right hand)
 M - a ring of willpower (left hand)
Wands
 m - a wand of iceblast (5)
 C - a wand of polymorph (6)
 I - a wand of mindburst (13)
Scrolls
 b - a scroll of immolation
 c - a scroll of identify
 d - 2 scrolls of butterflies {unknown}
 f - 2 scrolls of magic mapping {unknown}
 g - 4 scrolls of teleportation
 h - 2 scrolls of blinking {unknown}
 i - a scroll of vulnerability
 j - 2 scrolls of amnesia
 t - a scroll of noise {unknown}
 y - a scroll of fear {unknown}
 A - a scroll of enchant weapon {unknown}
 D - 2 scrolls of poison {unknown}
 E - a scroll of acquirement {unknown}
 J - a scroll of torment {unknown}
Potions
 e - 2 potions of brilliance {unknown}
 l - 5 potions of magic
 n - 4 potions of curing
 q - 4 potions of heal wounds {unknown}
 r - 5 potions of might
 s - a potion of haste {unknown}
 u - 3 potions of mutation {unknown}
 v - 9 potions of ambrosia
 x - 3 potions of lignification {unknown}
 F - a potion of degeneration {unknown}
 G - 2 potions of flight {unknown}
Miscellaneous
 o - a lightning rod (2/4)


   Skills:
 * Level 8.3 Fighting
 + Level 10.6 Ranged Weapons
 + Level 0.2 Throwing
 + Level 4.8 Armour
 + Level 3.4 Dodging
 + Level 1.2 Stealth
 * Level 6.0 Spellcasting
 * Level 5.6 Necromancy
 + Level 0.9 Evocations


You had 14 spell levels left.
You knew the following spells:

 Your Spells              Type           Power      Damage    Failure   Level
a - Vampiric Draining     Necr           17%        2d7       26%         3
b - Necrotise             Necr           68%        1d7       9%          1
c - Animate Dead          Necr           17%        N/A       65%         4

Your spell library contained the following spells:

 Spells                   Type           Power      Damage    Failure   Level
 Sublimation of Blood     Necr           17%        N/A       14%         2
 Kiss of Death            Conj/Necr      40%        2d8       28%         1
 Apportation              Tloc           6%         N/A       67%         1
 Beastly Appendage        Tmut           6%         N/A       67%         1
 Sandblast                Erth           6%         2d5       67%         1
 Passwall                 Tmut/Erth      2%         N/A       80%         2
 Wereblood                Tmut           3%         N/A       80%         2
 Dazzling Flash           Conj/Hex       6%         N/A       95%         3
 Spider Form              Tmut/Pois      3%         N/A       95%         3
 Stone Arrow              Conj/Erth      6%         3d7       95%         3
 Iskenderun's Mystic Bla  Conj/Tloc      3%         2d3       100%        4
 Alistair's Intoxication  Tmut/Pois      2%         N/A       100%        5
 Starburst                Conj/Fire      1%         6d3       100%        6
 Summon Hydra             Summ           1%         N/A       100%        7


Dungeon Overview and Level Annotations

Branches:
Dungeon (11/15)            Temple (1/1) D:7            Lair (0/5) D:9
    Orc (0/2) D:10          Sewer (visited)

Altars:
Ashenzari
Cheibriados
Dithmenos
Fedhas
Gozag
Hepliaklqana
Kikubaaqudgha
Makhleb
Nemelex Xobeh
Okawaru
Qazlal
Ru
Sif Muna
Trog
Uskayaw
Vehumet
Wu Jian
Xom
Yredelemnul

Shops:
D:2 [   D:5 [   D:6 *   D:9 ([[[

Annotations:
D:3 2 transporters
D:4 2 transporters, XWhyZ's ghost, amateur GrFi
D:9 Amaemon
D:11 Sonja


Innate Abilities, Weirdness & Mutations

You are partially covered in rugged brown scales. (AC +1, +3% HP)
When hurt, damage is shared between your health and your magic reserves.
You regenerate magic rapidly.
Spells you cast may paralyse adjacent enemies.


Message History

You are more poisoned.
Sonja hits you with a +1 short sword of venom.
Sonja hits you but does no damage. Sonja barely misses you. Sonja misses you.
Sonja hits you but does no damage.
Sonja hits you with a +1 short sword of venom.
You are more poisoned.
Okay, then.
Aiming: Thunderbolt
Press: ? - help, Shift-Dir - straight line, f/p - Sonja
Aim: Sonja, wielding a +1 short sword of venom and quivering curare-tipped darts (lightly wounded)
The thunderbolt hits Sonja!
Sonja is heavily wounded.
You feel extremely sick. Sonja hits you but does no damage.
You are more poisoned.
Sonja barely misses you. Sonja hits you but does no damage.
You are more poisoned.
Sonja barely misses you. Sonja completely misses you.
Sonja hits you but does no damage.
You are lethally poisoned!
You feel extremely sick.
Sonja hits you with a +1 short sword of venom.
You are more poisoned.
Sonja hits you with a +1 short sword of venom.
You are more poisoned.
Sonja hits you but does no damage.
You are more poisoned.
Sonja hits you with a +1 short sword of venom.
You are more poisoned.
Sonja hits you but does no damage.
You are more poisoned.
Sonja hits you but does no damage.
You are more poisoned.
Aiming: Thunderbolt
Press: ? - help, Shift-Dir - straight line, f/p - Sonja
Aim: Sonja, wielding a +1 short sword of venom and quivering curare-tipped darts (heavily wounded)
The thunderbolt hits Sonja!
Sonja is almost dead.
You die...
Kikubaaqudgha rasps: "You have failed me!
Welcome... death!"

.... #...............
...####...............
#....######.....####..
#....# #.....# .
#....+ #.....#
#+##....# #.....#
........######...(.##
............####...(#
....####@...#..#....#
. #..'K...#..#....#
#..#....#'##....####
#..#................
## #................
+...<............
#................
###+#....########
#...'....#


You could see Sonja.

Vanquished Creatures
  A two-headed ogre (D:9)
  A manticore (D:9)
  A queen bee (D:9)
  Grinder (D:6)
  A vampire (D:10)
  10 yaks
  2 vampire mosquitoes
  2 steam dragons
  4 water moccasins (D:7)
  3 orc warriors
  An ice beast (D:7)
  5 centaurs
  An ogre (D:5)
  A phantom (D:4)
  4 kobold brigands
  A gnoll sergeant (D:10)
  3 scorpions
  A bullfrog (D:7)
  2 necrophages (D:5)
  6 wights
  33 killer bees
  4 hounds
  4 jellies
  8 orc priests
  A gnoll bouda (D:5)
  5 iguanas
  Natasha (D:2)
  8 orc wizards
  7 adders
  12 gnolls
  A worm (D:4)
  A dart slug (D:3)
  38 orcs
  6 endoplasms
  5 giant cockroaches
  6 goblins
  14 hobgoblins
  8 jackals
  4 quokkas
  15 ball pythons
  16 bats
  3 frilled lizards
  36 kobolds
  12 rats
299 creatures vanquished.

Vanquished Creatures (others)
  4 plants (Sewer)
4 creatures vanquished.

Grand Total: 303 creatures vanquished

Notes
Turn   | Place    | Note
-------+----------+-------------------------------------------
     0 | D:1      | greenreed the Demonspawn Hunter began the quest for the
                  | Orb.
     0 | D:1      | Reached XP level 1. HP: 16/16 MP: 1/1
   112 | D:1      | Reached skill level 4 in Ranged Weapons
   115 | D:1      | Gained mutation: You are partially covered in rugged brown
                  | scales. (AC +1, +3% HP) [demonic ancestry]
   115 | D:1      | Reached XP level 2. HP: 16/22 MP: 2/2
   852 | D:2      | Found Fecops's Antique Armour Boutique.
   868 | D:2      | Found a faded altar of an unknown god.
  1058 | D:2      | Gained mutation: You regenerate magic rapidly. [demonic
                  | ancestry]
  1058 | D:2      | Reached XP level 3. HP: 27/27 MP: 3/3
  1411 | D:2      | Noticed Natasha
  1415 | D:2      | Killed Natasha
  1416 | D:2      | Gained mutation: Spells you cast may paralyse adjacent
                  | enemies. [demonic ancestry]
  1416 | D:2      | Reached XP level 4. HP: 27/35 MP: 4/4
  1724 | D:2      | Reached skill level 1 in Armour
  1821 | D:3      | Found a transporter.
  1855 | D:3      | Noticed a bullfrog
  2071 | D:3      | Reached skill level 5 in Ranged Weapons
  2071 | D:3      | Reached XP level 5. HP: 41/41 MP: 5/5
  2127 | D:3      | Found a transporter.
  2251 | D:3      | Found a glowing drain.
  2264 | Sewer    | Entered a sewer
  2374 | Sewer    | Reached skill level 1 in Spellcasting
  2539 | Sewer    | Reached skill level 1 in Stealth
  2539 | Sewer    | Reached XP level 6. HP: 14/48 MP: 7/7
  3044 | D:3      | Found a sparkling altar of Nemelex Xobeh.
  3044 | D:3      | Found a stormy altar of Qazlal.
  3044 | D:3      | Found a hide-covered altar of Uskayaw.
  3627 | D:4      | Found the +7 Kryia's mail coat {PotionHeal*2 rC+}
  3752 | D:4      | Found a transporter.
  3754 | D:4      | Noticed XWhyZ's ghost (amateur GrFi)
  3760 | D:4      | Found a transporter.
  3760 | D:4      | Identified the +11 dire flail of Adwuasaf {vorpal, Drain
                  | rPois rC+ rN+}
  3893 | D:5      | Entered Level 5 of the Dungeon
  3970 | D:4      | Reached skill level 6 in Ranged Weapons
  4004 | D:4      | Gained mutation: When hurt, damage is shared between your
                  | health and your magic reserves. [demonic ancestry]
  4004 | D:4      | Reached XP level 7. HP: 9/54 MP: 9/9
  4533 | D:5      | Found Juocajoi's Armour Boutique.
  4602 | D:5      | Reached skill level 7 in Ranged Weapons
  4702 | D:5      | Reached XP level 8. HP: 62/62 MP: 12/12
  5061 | D:6      | Noticed Grinder
  5062 | D:6      | Paralysed by Grinder for 5 turns
  5096 | D:6      | Found Fihegeh's Overcharged Wands.
  5235 | D:6      | Reached skill level 1 in Necromancy
  5466 | D:6      | Paralysed by Grinder for 4 turns
  5474 | D:6      | Killed Grinder
  5475 | D:6      | Reached skill level 5 in Fighting
  6005 | D:7      | Reached skill level 8 in Ranged Weapons
  6071 | D:7      | Reached XP level 9. HP: 39/71 MP: 9/15
  6088 | D:7      | HP: 3/71 [poisoned by a kobold brigand]
  6426 | D:7      | Found a staircase to the Ecumenical Temple.
  6431 | Temple   | Entered the Ecumenical Temple
  6516 | Temple   | Became a worshipper of Kikubaaqudgha
  6617 | D:7      | Identified the +1 leather armour of the Invisible Hand
                  | {Harm Rampage Drain rCorr}
  6621 | D:7      | Found a sacrificial altar of Ru.
  6910 | D:7      | Found a basalt altar of Yredelemnul.
  7426 | D:8      | Noticed a two-headed ogre
  8535 | D:9      | Found a staircase to the Lair.
  8554 | D:9      | Found Kerisch's Book Shop.
  8668 | D:9      | Noticed an orange demon
  8669 | D:9      | Noticed Amaemon
  8793 | D:9      | Reached skill level 9 in Ranged Weapons
  8843 | D:9      | Found Wouluxzu's Antique Armour Shoppe.
  8853 | D:9      | Bought a glowing helmet for 247 gold pieces
  8873 | D:9      | Found Ojekoba's Armour Shoppe.
  9016 | D:9      | Noticed a two-headed ogre
  9089 | D:9      | Reached * piety under Kikubaaqudgha
  9089 | D:9      | Received a gift from Kikubaaqudgha
  9100 | D:9      | Learned a level 3 spell: Vampiric Draining
  9293 | D:9      | Noticed a queen bee
  9305 | D:9      | Killed a queen bee
  9319 | D:9      | Reached skill level 5 in Spellcasting
  9488 | D:9      | Reached XP level 10. HP: 65/79 MP: 15/17
  9844 | D:9      | Found Huklos's Antique Weapon Shoppe.
 10288 | D:9      | Reached ** piety under Kikubaaqudgha
 10375 | D:9      | Found Sirijae's Armour Shoppe.
 10402 | D:9      | Killed a two-headed ogre
 10403 | D:9      | Reached skill level 10 in Ranged Weapons
 10403 | D:9      | Reached skill level 5 in Necromancy
 11047 | D:10     | Entered Level 10 of the Dungeon
 11076 | D:10     | Found a staircase to the Orcish Mines.
 11172 | D:10     | Noticed a two-headed ogre
 11365 | D:10     | Noticed a manticore
 11381 | D:9      | Killed a manticore
 11452 | D:9      | Learned a level 1 spell: Necrotise
 11457 | D:9      | Learned a level 4 spell: Animate Dead
 11471 | D:10     | Found a radiant altar of Vehumet.
 11555 | D:10     | Found an iron altar of Okawaru.
 12013 | D:10     | Found a shadowy altar of Dithmenos.
 12095 | D:10     | Found an opulent altar of Gozag.
 12520 | D:11     | Reached XP level 11. HP: 88/88 MP: 19/19
 12774 | D:11     | Noticed Sonja
 12784 | D:11     | Succumbed to Sonja's poison

Illustrated notes

Levels and vault maps discovered:
D:1:      ncdulo_lavacross, layout_loops_ring, roderic_roman_lattice
D:2:      wad_river_or_something, layout_basic, ebering_ecumenical_altar_webs,
          serial_shops, shop, uniq_natasha
D:3:      layout_basic, gammafunk_temple_overflow_arena,
          gammafunk_temple_overflow_claw, portal_sewer_entry_b,
          minmay_shallow_snake_nest
D:4:      layout_basic, gammafunk_ghost_smash
D:5:      layout_loops_cross, serial_shops, shop, serial_bayou_pond_d,
          nrook_mini_vaults
D:6:      layout_loops_ring, nicolae_shop_overcharged_wands, uniq_grinder
D:7:      layout_layer_cave, nicolae_overflow_crystal_walls,
          mainiacjoe_overflow_paths, minmay_temple_entry_glassed_door,
          minmay_diced_spiral
D:8:      layout_basic
D:9:      layout_loops_corners, lair_entry_dummy, serial_shops,
          kennysheep_little_box, shop, kennysheep_mini_moat, shop,
          kennysheep_mini, special_room [special_room_bee], uniq_amaemon
D:10:     layout_basic, mainiacjoe_overflow_boulevard, vehumet_crystals,
          mainiacjoe_overflow_swirl
D:11:     minmay_bloctagon_deflated, layout_gridville, uniq_snorg, uniq_sonja
Temple:   nicolae_temple_hex_pool

Skill      XL: |  1  2  3  4  5  6  7  8  9 10 11 |
---------------+----------------------------------+-----
Ranged Weapons | 4 5 6 7 8 9 10 | 10.6
Armour         | 1 2 3 4 |  4.8
Dodging        | 2 3 |  3.4
Fighting       | 3 4 5 6 8 |  8.3
Spellcasting   | 1 3 4 5 6 |  6.0
Stealth        | 1 |  1.2
Necromancy     | 2 3 5 |  5.6
Throwing       | |  0.2
Evocations     | |  0.9

Action                   |  1- 3 |  4- 6 |  7- 9 | 10-12 || total
-------------------------+-------+-------+-------+-------++-------
 Fire: Shortbow          |    92 |   286 |   371 |   354 ||  1103
Throw: Dart              |       |       |       |     5 ||     5
 Cast: Vampiric Draining |       |       |     1 |     5 ||     6
Evoke: Wand              |       |     2 |    15 |     1 ||    18
       Lightning rod     |       |       |       |     2 ||     2
  Use: Scroll            |       |       |     6 |     1 ||     7
Armor: Leather armour    |    16 |    55 |       |       ||    71
       Scale mail        |       |    35 |   195 |   230 ||   460
Dodge: Dodged            |    45 |   127 |   186 |   215 ||   573

Table legend: (Time is in decaauts)
 A = Elapsed time spent in this place.
 B = Non-inter-level travel time spent in this place.
 C = Inter-level travel time spent in this place.
 D = Time resting spent in this place.
 E = Time spent auto-exploring this place.
 F = Levels seen in this place.
 G = Mean time per level.
                   A        B        C        D        E       F      G
               +--------+--------+--------+--------+--------+-----+--------+
         Total |  13168 |  12320 |    848 |    854 |   8726 |  13 | 1012.9 |
       Dungeon |  12586 |  11792 |    794 |    854 |   8356 |  11 | 1144.2 |
        Temple |    117 |     63 |     54 |      0 |     51 |   1 |  117.0 |
         Sewer |    464 |    464 |      0 |      0 |    318 |   1 |  464.0 |
               +--------+--------+--------+--------+--------+-----+--------+

Top non-repeatable levels by time:
     D:9: 3039 daAuts
     D:8: 1285 daAuts
     D:2: 1226 daAuts
    D:10: 1223 daAuts
     D:7: 1213 daAuts
     D:5: 1047 daAuts
     D:3: 957 daAuts
     D:6: 900 daAuts
     D:4: 803 daAuts
     D:1: 779 daAuts
   Sewer: 464 daAuts
  Temple: 117 daAuts
    D:11: 110 daAuts
